AoeStats
← Der Sprudel

Arabian Desert

508609097Analyzed
1v1 RM · 9d ago on Sep 23, 2026· 36m 34s· 2 players
Game mode
Random Map
Map size
Tiny (2 player)
Population
200
Speed
Normal
Resources
Standard
Victory
Conquest
Starting age
Dark Age
Ending age
Imperial Age
RankedLock teamsTeams togetherTeam positionsShared explorationLock speedFull tech treeHidden civsTurbo modeCheats
Victory
Defeat
🇩🇪 Varangians · Germany
1218
+21
🇹🇷 Mongols · Türkiye
1337
-21
mesutbakirci91
6:10 Loom
8:44 Feudal Age
9:28 Horse Collar
21:13 Castle Age
19:55 Forging
20:27 Bloodlines
21:07 Scale Barding Armor
22:10 Double-Bit Axe
26:00 Bow Saw
28:13 Wheelbarrow
33:13 Chain Barding Armor
33:55 Fletching
Der Sprudel
6:43 Loom
9:30 Feudal Age
10:03 Double-Bit Axe
12:52 Man-at-Arms
15:55 Horse Collar
19:49 Wheelbarrow
19:59 Gold Mining
24:24 Castle Age
22:38 Fletching
22:48 Padded Archer Armor
24:27 Scale Mail Armor
24:52 Arson
25:59 Bow Saw
26:58 Chain Mail Armor
26:40 Bodkin Arrow
28:24 Forging
30:49 Arson
32:13 Squires
31:59 Gambesons
31:42 Elite Skirmisher
Connection lost

Rejoining the realm…

Still unreachable

The connection could not be restored.

Session expired

The server has moved on; the page needs a fresh start.